 Dungeon Crawl Stone Soup version 0.26.1-11-gd32895ea62 (webtiles) character file.

Game seed: 8473200188297211364

208492 Dadi the Warrior (level 18, -19/105 (120) HPs)
             Began as a Gargoyle Fighter on July 18, 2021.
             Was the Champion of Okawaru.
             Killed from afar by a deep elf sorcerer (48 damage)
             ... with damnation
             ... on level 2 of the Elven Halls.
             The game lasted 01:22:17 (36884 turns).

Dadi the Warrior (Gargoyle Fighter)                Turns: 36884, Time: 01:22:17

HP:   -19/105 (120) AC: 38    Str: 27    XL:     18   Next: 79%
MP:   18/23         EV: 14    Int: 10    God:    Okawaru [******]
Gold: 2527          SH: 22    Dex: 16    Spells: 17/17 levels left

rFire    + . .     SeeInvis +   S - +9 hunting sling of Cowardice {flame, +Blink +Inv}
rCold    . . .     Faith    .   c - +0 kite shield
rNeg     + + .     Spirit   .   b - +8 ring mail of the Known World {Harm rF- rN+ Dex+7}
rPois    ∞         Reflect  +   Q - +2 helmet {SInv}
rElec    +         Harm     +   R - +2 cloak
rCorr    .         Rampage  .   (no gloves)
Will     +....                  w - +2 pair of boots
Stlth    ++........             B - amulet of reflection
HPRegen  0.27/turn              N - ring of protection from fire
MPRegen  0.18/turn              m - ring of protection from fire

@: heroism, corroded, flying, very slightly contaminated, heavily drained,
invisible
A: big wings, negative energy resistance 1, electricity resistance, unbreathing,
petrification resistance, miasma immunity, AC +13
}: 1/15 runes: gossamer
a: Stop Flying, Renounce Religion, Evoke Blink, Evoke Invisibility, Heroism,
Finesse


You were on level 2 of the Elven Halls.
You worshipped Okawaru.
Okawaru was exalted by your worship.
You visited 7 branches of the dungeon, and saw 31 of its levels.
You also visited: Ice Cave and Volcano.

You collected 2871 gold pieces.
You spent 344 gold pieces at shops.

Inventory:

Hand Weapons
 k - a +0 demon whip of venom
 S - the +9 hunting sling of Cowardice (weapon) {flame, +Blink +Inv}
   (Okawaru gifted it to you on level 6 of the Lair of Beasts)

   It causes projectiles fired from it to burn those they strike, causing extra
   injury to most foes and up to half again as much damage against particularly
   susceptible opponents.
   It lets you turn invisible.
   It lets you blink.
 Z - a +9 fustibalus of flaming
Missiles
 D - 929 stones
 L - 109 sling bullets (quivered ammo)
Armour
 b - the +8 ring mail of the Known World (worn) {Harm rF- rN+ Dex+7}
   (Okawaru gifted it to you on level 5 of the Lair of Beasts)

   It affects your dexterity (+7).
   It makes you vulnerable to fire.
   It protects you from negative energy.
   It increases damage dealt and taken.
 c - a +0 kite shield (worn)
 l - the +1 crystal plate armour of Skepticism {*Slow rF+ rC+ Will+}
   (Okawaru gifted it to you on level 15 of the Dungeon)

   It protects you from fire.
   It protects you from cold.
   It affects your willpower, your defense against some magical effects.
   It may slow you when you take damage.
 w - a +2 pair of boots (worn)
 Q - a +2 helmet of see invisible (worn)
 R - a +2 cloak (worn)
 Y - a +3 chain mail of fire resistance
Jewellery
 e - a +6 ring of intelligence
 i - an uncursed ring of willpower {unknown}
 m - a ring of protection from fire (right hand)
 p - an uncursed ring of ice
 r - an uncursed ring of resist corrosion
 B - an amulet of reflection (around neck)
 N - a ring of protection from fire (left hand)
 P - an uncursed ring of ice
 U - an uncursed ring of ice
Wands
 a - a wand of enslavement (7)
 A - a wand of polymorph (27)
 O - a wand of disintegration (58)
 W - a wand of paralysis (29)
Scrolls
 f - 8 scrolls of enchant armour
 h - 4 scrolls of enchant weapon
 j - 10 scrolls of fog
 q - 15 scrolls of remove curse
 y - a scroll of magic mapping
 C - 2 scrolls of holy word
 E - 24 scrolls of teleportation
 F - 4 scrolls of identify
 G - 4 scrolls of summoning
 H - 2 scrolls of fear
 I - 4 scrolls of blinking
 M - 2 scrolls of silence
 T - 6 scrolls of amnesia
 X - 2 scrolls of immolation
Potions
 d - 7 potions of might
 g - 3 potions of magic
 n - 16 potions of curing
 o - 4 potions of berserk rage
 s - 4 potions of heal wounds
 t - 4 potions of brilliance
 u - a potion of cancellation
 v - 5 potions of resistance
 x - a potion of haste
 z - 5 potions of ambrosia
 V - 2 potions of invisibility


   Skills:
 - Level 16.0(21.0) Fighting
 + Level 14.8(19.8) Maces & Flails
 - Level 14.0(19.0) Slings
 - Level 14.0(19.0) Armour
 - Level 15.0(20.0) Shields
 - Level 6.7 Invocations
 - Level 8.0 Evocations


You had 17 spell levels left.
You didn't know any spells.
Your spell library contained the following spells:

 Spells                   Type           Power        Failure   Level
 Animate Skeleton         Necr           0%           43%         1
 Corona                   Hex            0%           43%         1
 Foxfire                  Conj/Fire      0%           43%         1
 Magic Dart               Conj           0%           43%         1
 Pain                     Necr           0%           43%         1
 Sandblast                Erth           0%           43%         1
 Summon Small Mammal      Summ           0%           43%         1
 Blink                    Tloc           N/A          58%         2
 Call Imp                 Summ           0%           58%         2
 Ensorcelled Hibernation  Hex/Ice        0%           58%         2
 Passwall                 Tmut/Erth      0%           58%         2
 Searing Ray              Conj           0%           58%         2
 Slow                     Hex            0%           58%         2
 Call Canine Familiar     Summ           0%           82%         3
 Confusing Touch          Hex            0%           82%         3
 Conjure Flame            Conj/Fire      0%           82%         3
 Dazzling Flash           Conj/Hex       0%           82%         3
 Mephitic Cloud           Conj/Pois/Air  0%           82%         3
 Stone Arrow              Conj/Erth      0%           82%         3
 Summon Guardian Golem    Hex/Summ       0%           82%         3
 Tukima's Dance           Hex            0%           82%         3
 Vampiric Draining        Necr           0%           82%         3
 Animate Dead             Necr           0%           99%         4
 Cause Fear               Hex            0%           99%         4
 Fulminant Prism          Conj/Hex       0%           99%         4
 Iskenderun's Mystic Bla  Conj/Tloc      0%           99%         4
 Petrify                  Tmut/Erth      0%           99%         4
 Summon Ice Beast         Ice/Summ       0%           99%         4
 Summon Lightning Spire   Summ/Air       0%           99%         4
 Agony                    Necr           0%           100%        5
 Lee's Rapid Deconstruct  Erth           0%           100%        5
 Lightning Bolt           Conj/Air       0%           100%        5
 Silence                  Hex/Air        0%           100%        5
 Summon Demon             Summ           0%           100%        5
 Yara's Violent Unravell  Hex/Tmut       0%           100%        5
 Discord                  Hex            0%           100%        8


Dungeon Overview and Level Annotations

Branches:
Dungeon (15/15)            Temple (1/1) D:4            Lair (6/6) D:8
  Swamp (0/4) Lair:2       Spider (4/4) Lair:2        Slime (1/5) Lair:5
    Orc (2/2) D:9             Elf (2/3) Orc:2        Vaults (0/5) D:14
 Depths (0/5) D:15          IceCv (visited)         Volcano (visited)

Altars:
Ashenzari
Cheibriados
Dithmenos
Elyvilon
Fedhas
Gozag
Hepliaklqana
Kikubaaqudgha
Makhleb
Okawaru
Qazlal
Ru
Sif Muna
Trog
Uskayaw
Vehumet
Wu Jian
Xom
Yredelemnul
Zin
The Shining One
Beogh
Jiyva

Shops:
D:8 ?   D:9 :[}*   D:11 ([:[}   D:12 :   D:13 !   Orc:1 [   Orc:2 ([?!*
Elf:1 [


Innate Abilities, Weirdness & Mutations

You are resistant to torment.
Your stone body is resilient. (AC +13)
You are immune to poison.
Your large and strong wings let you fly indefinitely.
You resist negative energy. (rN+)
You are resistant to electric shocks. (rElec)
You can survive without breathing.
You are immune to petrification.
You are immune to miasma.


Message History

The deep elf sorcerer points at you and mumbles some strange words.
The bolt of acid hits you. The acid corrodes you!
You are splashed with acid!!
* * * LOW HITPOINT WARNING * * *
Unknown command.
You blink.
The deep elf sorcerer gestures at you while chanting.
The bolt of acid misses you.
There is an open door here.
A deep elf mage comes into view. It is wielding a +0 long sword.
You feel drained.
You fail to use your ability.
You block the deep elf sorcerer's attack.
You feel drained.
You fade into invisibility!
You are very lightly contaminated with residual magic.
You blink.
The deep elf sorcerer mumbles some strange words.
The deep elf sorcerer glows brightly for a moment.
The deep elf sorcerer gestures at you while chanting.
The sphere of damnation explodes!
The damnation engulfs you!!!
You die...

#.##...........e......# ##.##
#o##.#.#.#.#.#.#.########.##
#..o.................###.##
####.#..#####..#..........##
#.e.##...##...###..####.## ##
#.#.#.....#.#.# #..#####.###.
#...#§e...#...###.........#<.
#.#.'..e.)'.#....#.######..#.
#...#.....#.@.#.###.## #..#.
#.#.###)###.#..## ##.####..#.
#...#.....#...#.###.#...#..#.
#.#.#.....#.#.##.#.#.......#.
#...#.....#.......#........#.
######'''#################### ###
#####...##### ### ### ###
#.####.#.''#''.#.####.####.####.#
...##...))###.....##...##...##...


You could see a deep elf sorcerer (fast) and a deep elf knight (fast).

Vanquished Creatures
  A deep elf blademaster (Elf:2)
  Agnes (Elf:2)
  Gastronok (D:10)
  3 ghost moths
  A deep elf sorcerer (Elf:1)
  10 emperor scorpions
  4 entropy weavers
  The ghost of Ushraf the Nimble, a journeyman HuAr of Gozag (Lair:3)
  Azrael (Elf:2)
  A spark wasp (Spider:4)
  Snorg (Lair:6)
  A yaktaur captain (D:15)
  Fannar (D:10)
  2 boulder beetles
  An ogre mage (D:15)
  A death knight (D:14)
  7 catoblepae
  4 centaur warriors
  16 dancing weapons
  12 two-headed ogres
  4 hydras
  A queen ant (Spider:1)
  A tengu warrior (D:13)
  12 death yaks
  6 orc high priests
  Nergalle (Lair:2)
  12 deep elf knights
  Urug (Lair:6)
  A hell knight (D:15)
  5 skeletal warriors
  2 unseen horrors
  4 deep elf archers
  A phantasmal warrior (D:15)
  18 orb spiders
  8 orc knights (Orc:2)
  A wolf spider zombie (D:13)
  A wolf spider (shapeshifter) (Elf:2)
  11 ugly things
  A cyclops (D:13)
  An orc sorcerer (Orc:2)
  An oklob plant (Lair:1)
  42 deep elf magi
  4 manticores
  22 wolf spiders
  A cyclops (shapeshifter) (D:14)
  A moth of wrath (Spider:4)
  4 black mambas
  8 elephants
  6 centaur zombies
  2 ice statues (IceCv)
  A gargoyle (D:15)
  Maggie (D:7)
  4 torpor snails
  9 cane toads
  4 rime drakes
  A yaktaur (D:15)
  A redback zombie (D:15)
  A freezing wraith (D:15)
  15 komodo dragons
  2 efreet
  A tengu conjurer (D:15)
  9 demonic crawlers
  8 trolls
  31 jumping spiders
  A polar bear (Lair:4)
  Prince Ribbit (Lair:2)
  6 meliai
  3 tyrant leeches (Lair:2)
  4 blink frogs (Lair:2)
  4 hornets
  82 redbacks
  An air elemental (Elf:2)
  2 shadows
  20 tarantellas
  A vampire (D:14)
  42 yaks
  2 water elementals (Elf:1)
  7 wyverns
  2 wraiths
  4 basilisks
  3 fire bats (Lair:1)
  4 fire elementals (Elf:2)
  6 vampire mosquitoes (D:15)
  4 wargs
  17 soldier ants
  An acid dragon (D:15)
  A swamp worm (Lair:2)
  26 water moccasins
  A hell hound (Elf:2)
  39 orc warriors
  3 sky beasts
  An eye of draining (D:12)
  2 phantoms
  14 ice beasts
  5 black bears
  5 boggarts
  A necrophage (D:12)
  14 ogres
  12 wolves
  20 centaurs
  The ghost of Blejac999 the Cudgeller, an amateur GrBe of Trog (D:3)
  2 big kobolds
  16 bullfrogs
  3 earth elementals
  A wyvern skeleton (D:8)
  5 scorpions
  14 killer bees
  9 wights
  3 electric eels
  2 howler monkeys (D:8)
  2 bullfrog zombies
  3 hounds
  26 orc wizards
  2 bullfrog skeletons
  6 centaur skeletons
  39 orc priests
  5 jellies
  6 iguanas
  25 worker ants
  8 gnolls
  27 adders
  A shadow imp (D:6)
  4 white imps
  3 ufetubi
  3 oozes
  An adder zombie (D:7)
  An adder skeleton (D:8)
  2 worms (D:3)
  A dart slug (D:5)
  6 leopard geckos
  85 orcs
  A ball python (D:3)
  10 bats
  2 giant cockroaches
  13 goblins
  9 hobgoblins
  12 jackals
  3 quokkas
  6 frilled lizards
  A jackal zombie (D:9)
  14 kobolds
  A leopard gecko zombie (D:8)
  2 quokka zombies
  13 rats
1101 creatures vanquished.

Vanquished Creatures (others)
  A ghost moth (Spider:4)
  A bush (Lair:2)
  38 fungi
  39 plants
  4 toadstools (Lair:5)
83 creatures vanquished.

Grand Total: 1184 creatures vanquished

Notes
Turn   | Place    | Note
-------+----------+-------------------------------------------
     0 | D:1      | Dadi the Gargoyle Fighter began the quest for the Orb.
     0 | D:1      | Reached XP level 1. HP: 14/14 MP: 1/1
   349 | D:1      | Reached XP level 2. HP: 19/19 MP: 2/2
   930 | D:2      | Reached XP level 3. HP: 24/24 MP: 3/3
  1303 | D:2      | Reached skill level 4 in Fighting
  1363 | D:2      | Reached XP level 4. HP: 28/29 MP: 4/4
  2067 | D:3      | Found a hide-covered altar of Uskayaw.
  2445 | D:3      | Found a sacrificial altar of Ru.
  3037 | D:3      | Reached XP level 5. HP: 32/34 MP: 5/5
  3186 | D:3      | Found a runed translucent gate.
  3186 | D:3      | Found a runed translucent gate.
  3187 | D:3      | Found a runed translucent gate.
  3187 | D:3      | Noticed Blejac999's ghost (amateur GrBe)
  3312 | D:3      | Found a stormy altar of Qazlal.
  3460 | D:4      | Reached skill level 5 in Maces & Flails
  3477 | D:4      | Found an opulent altar of Gozag.
  3518 | D:4      | Found a staircase to the Ecumenical Temple.
  3601 | D:4      | Reached XP level 6. HP: 25/40 MP: 6/6
  3622 | D:4      | Reached skill level 5 in Fighting
  4466 | Temple   | Entered the Ecumenical Temple
  4504 | Temple   | Became a worshipper of Warmaster Okawaru
  4676 | D:3      | Killed Blejac999's ghost
  4736 | D:5      | Entered Level 5 of the Dungeon
  4738 | D:5      | Noticed an ice beast
  4742 | D:5      | Noticed a phantom
  4747 | D:5      | Killed an ice beast
  4748 | D:5      | Reached XP level 7. HP: 44/44 MP: 7/7
  4774 | D:5      | Reached * piety under Okawaru
  4784 | D:5      | Got an iridescent hunting sling
  4785 | D:5      | Identified the +10 hunting sling of the Solstice {freeze,
                  | Str+4} (You found it on level 5 of the Dungeon)
  5353 | D:5      | Reached skill level 6 in Fighting
  5353 | D:5      | Reached skill level 1 in Slings
  5507 | D:5      | Reached XP level 8. HP: 51/51 MP: 8/8
  5710 | D:5      | Found a shadowy altar of Dithmenos.
  5774 | D:5      | Found a snail-covered altar of Cheibriados.
  5824 | D:6      | Reached ** piety under Okawaru
  5947 | D:6      | Reached skill level 5 in Slings
  6000 | D:6      | Found an iron altar of Okawaru.
  6357 | D:6      | Found a burning altar of Makhleb.
  6546 | D:6      | Found a basalt altar of Yredelemnul.
  6907 | D:7      | Reached XP level 9. HP: 55/55 MP: 9/9
  7162 | D:7      | Noticed Maggie
  7172 | D:7      | Killed Maggie
  7490 | D:8      | Reached *** piety under Okawaru
  7636 | D:8      | Found Teeri's Magic Scroll Emporium.
  7912 | D:8      | Noticed a two-headed ogre
  7922 | D:8      | Killed a two-headed ogre
  7922 | D:8      | Received a gift from Okawaru
  7923 | D:8      | Reached skill level 10 in Slings
  7923 | D:8      | Reached XP level 10. HP: 60/60 MP: 10/10
  8000 | D:8      | Found a staircase to the Lair.
  8000 | D:8      | Noticed an elephant
  8017 | D:8      | Killed an elephant
  8231 | D:9      | Reached **** piety under Okawaru
  8362 | D:9      | Found a staircase to the Orcish Mines.
  8446 | D:9      | Found Gufoclip's Antique Armour Shoppe.
  8455 | D:9      | Bought a glowing helmet for 247 gold pieces
  8571 | Lair:1   | Entered Level 1 of the Lair of Beasts
  8586 | Lair:1   | Received a gift from Okawaru
  8587 | Lair:1   | Reached skill level 5 in Armour
  8587 | Lair:1   | Reached skill level 5 in Shields
  8735 | Lair:1   | Found a dark tunnel.
  8763 | Volcano  | Entered a volcano
  8766 | Volcano  | Noticed a two-headed ogre
  8772 | Volcano  | Killed a two-headed ogre
  8772 | Volcano  | Reached ***** piety under Okawaru
  8772 | Volcano  | Received a gift from Okawaru
  8821 | Volcano  | Noticed a two-headed ogre
  8826 | Volcano  | Killed a two-headed ogre
  8826 | Volcano  | Received a gift from Okawaru
  8827 | Volcano  | Reached XP level 11. HP: 64/64 MP: 11/11
  8855 | Volcano  | Noticed a two-headed ogre
  8865 | Volcano  | Killed a two-headed ogre
  8865 | Volcano  | Received a gift from Okawaru
  9006 | Lair:1   | Noticed an oklob plant
  9175 | Lair:1   | Killed an oklob plant
 10146 | Lair:2   | Found a staircase to the Swamp.
 10461 | Lair:2   | Found a hole to the Spider Nest.
 10532 | Lair:2   | Received a gift from Okawaru
 10583 | Lair:2   | Received a gift from Okawaru
 10622 | Lair:2   | Received a gift from Okawaru
 10723 | Lair:2   | Received a gift from Okawaru
 10724 | Lair:2   | Reached skill level 10 in Armour
 10724 | Lair:2   | Reached skill level 10 in Shields
 10724 | Lair:2   | Reached XP level 12. HP: 69/70 MP: 12/12
 10967 | Lair:2   | Noticed Prince Ribbit
 10969 | Lair:2   | Killed Prince Ribbit
 10982 | Lair:2   | Received a gift from Okawaru
 10983 | Lair:2   | Reached skill level 7 in Fighting
 11177 | Lair:2   | Noticed Nergalle
 11190 | Lair:2   | Killed Nergalle
 11190 | Lair:2   | Received a gift from Okawaru
 11208 | Lair:3   | Found a transporter.
 11208 | Lair:3   | Noticed Ushraf's ghost (journeyman HuAr)
 11208 | Lair:3   | Noticed a death yak
 11216 | Lair:3   | Found a transporter.
 11220 | Lair:3   | Reached skill level 8 in Fighting
 11253 | Lair:3   | Noticed a four-headed hydra
 11274 | Lair:3   | Killed a four-headed hydra
 11391 | Lair:3   | Reached skill level 9 in Fighting
 11407 | Lair:3   | Received a gift from Okawaru
 11460 | Lair:3   | Noticed an eight-headed hydra
 11472 | Lair:3   | Killed an eight-headed hydra
 11588 | Lair:3   | Received a gift from Okawaru
 11589 | Lair:3   | Reached skill level 10 in Fighting
 12152 | Lair:4   | Noticed a catoblepas
 12168 | Lair:4   | Killed a catoblepas
 12169 | Lair:4   | Reached skill level 11 in Fighting
 13382 | Lair:5   | Reached XP level 13. HP: 67/85 MP: 13/13
 13395 | Lair:5   | Reached skill level 12 in Fighting
 14024 | Lair:5   | Found a runed translucent door.
 14121 | Lair:5   | Reached skill level 10 in Maces & Flails
 14209 | Lair:5   | Reached ****** piety under Okawaru
 14209 | Lair:5   | Received a gift from Okawaru
 14214 | Lair:5   | Got a smoking ring mail {god gift}
 14230 | Lair:5   | Identified the +8 ring mail of the Known World {Harm rF-
                  | rN+ Dex+7} (Okawaru gifted it to you on level 5 of the Lair
                  | of Beasts)
 14230 | Lair:5   | Found a runed translucent door.
 14232 | Lair:5   | Found a viscous altar of Jiyva.
 14239 | Lair:5   | Found a staircase to the Slime Pits.
 14658 | Lair:6   | Entered Level 6 of the Lair of Beasts
 14934 | Lair:6   | Noticed Urug
 14938 | Lair:6   | Killed Urug
 14984 | Lair:6   | Reached skill level 1 in Invocations
 15399 | Lair:6   | Noticed Snorg
 15408 | Lair:6   | Killed Snorg
 15694 | Lair:6   | Reached skill level 5 in Invocations
 15709 | Lair:6   | Gained mutation: Your large and strong wings let you fly
                  | indefinitely. [Gargoyle growth]
 15709 | Lair:6   | Reached XP level 14. HP: 92/92 MP: 17/17
 15760 | Lair:6   | Received a gift from Okawaru
 15804 | Lair:6   | Got a transparent hunting sling {god gift}
 15805 | Lair:6   | Identified the +9 hunting sling of Cowardice {flame, +Blink
                  | +Inv} (Okawaru gifted it to you on level 6 of the Lair of
                  | Beasts)
 15920 | Lair:6   | Reached skill level 1 in Evocations
 16408 | Lair:4   | Got a polished chain mail
 16419 | Lair:4   | Identified the +0 chain mail "Riabisuo" {MP+9} (You found
                  | it on level 4 of the Lair of Beasts)
 16802 | Lair:3   | Killed Ushraf's ghost
 16942 | D:9      | Found Obosaevu's Gadget Boutique.
 17014 | D:9      | Found Amoggaz's Book Boutique.
 17381 | D:9      | Found Xad Osi's Assorted Antiques.
 17507 | Orc:1    | Entered Level 1 of the Orcish Mines
 17512 | Orc:1    | Received a gift from Okawaru
 17863 | Orc:1    | Found a roughly hewn altar of Beogh.
 17958 | Orc:1    | Found Goda's Antique Armour Shop.
 18238 | Orc:2    | Entered Level 2 of the Orcish Mines
 18465 | Orc:2    | Found a staircase to the Elven Halls.
 18582 | Orc:2    | Found Nivauriu's General Store.
 18785 | Orc:2    | Reached skill level 5 in Evocations
 19339 | Orc:2    | Received a gift from Okawaru
 19617 | Orc:2    | Received a gift from Okawaru
 19710 | Orc:2    | Received a gift from Okawaru
 20103 | Orc:2    | Found Haacokim's Distillery.
 20103 | Orc:2    | Found Qazexyisu's Antique Weapon Shop.
 20104 | Orc:2    | Found Ygunoidi's Magic Scroll Boutique.
 20104 | Orc:2    | Found Zuinlyda's Armour Shop.
 20121 | Orc:2    | Bought a scroll of blinking for 97 gold pieces
 20349 | D:10     | Entered Level 10 of the Dungeon
 20461 | D:10     | Received a gift from Okawaru
 20466 | D:10     | Noticed Gastronok
 20477 | D:10     | Killed Gastronok
 20478 | D:10     | Reached XP level 15. HP: 96/96 MP: 20/20
 20829 | D:10     | Noticed Fannar
 20843 | D:10     | Killed Fannar
 21215 | D:11     | Found Quacooz's Antique Weapon Boutique.
 21390 | D:11     | Received a gift from Okawaru
 21499 | D:11     | Found Bieshiatz's Gadget Emporium.
 21791 | D:11     | Found Suss's Antique Armour Emporium.
 22094 | D:11     | Found Yptel's Antique Armour Emporium.
 22290 | D:11     | Found Elog's Book Shop.
 22523 | D:12     | Found Qumuiha's Book Shoppe.
 22782 | D:12     | Found a shimmering altar of Xom.
 23369 | D:13     | Received a gift from Okawaru
 23827 | D:13     | Found Fuiloz's Distillery.
 24436 | D:14     | Found a radiant altar of Vehumet.
 24502 | D:14     | Found a gate to the Vaults.
 24908 | D:15     | Entered Level 15 of the Dungeon
 25228 | D:15     | Received a gift from Okawaru
 25253 | D:15     | Reached skill level 13 in Fighting
 25269 | D:15     | Received a gift from Okawaru
 25282 | D:15     | Reached XP level 16. HP: 98/104 MP: 14/21
 25282 | D:15     | Got a slimy crystal plate armour {god gift}
 25296 | D:15     | Identified the +1 crystal plate armour of Skepticism {*Slow
                  | rF+ rC+ Will+} (Okawaru gifted it to you on level 15 of the
                  | Dungeon)
 25351 | D:15     | Found a frozen archway.
 25422 | IceCv    | Entered an ice cave
 25508 | IceCv    | Found a transporter.
 25601 | IceCv    | Found a transporter.
 25738 | D:15     | Reached skill level 14 in Fighting
 25849 | D:15     | Found a staircase to the Depths.
 26975 | D:15     | Reached skill level 15 in Fighting
 27206 | D:15     | HP: 3/108 [meliai/divine providence (13)]
 28028 | Spider:1 | Entered Level 1 of the Spider Nest
 28513 | Spider:1 | Received a gift from Okawaru
 28514 | Spider:1 | Reached skill level 16 in Fighting
 28755 | Spider:1 | Got an iridescent hunting sling {god gift}
 28756 | Spider:1 | Identified the +5 hunting sling of the Dripping Butterfly
                  | {flame, +Fly Will+ Dex-3} (Okawaru gifted it to you on
                  | level 1 of the Spider Nest)
 29921 | Spider:2 | Received a gift from Okawaru
 30173 | Spider:2 | Reached XP level 17. HP: 111/115 MP: 22/22
 31047 | Spider:3 | Got a heavily runed leather armour
 31058 | Spider:3 | Identified the cursed +1 leather armour of Vaoreeserr {rN+
                  | rCorr} (You found it on level 3 of the Spider Nest)
 31465 | Spider:3 | Received a gift from Okawaru
 32449 | Spider:4 | Entered Level 4 of the Spider Nest
 32715 | Spider:4 | Received a gift from Okawaru
 33009 | Spider:4 | Reached skill level 15 in Shields
 33354 | Spider:4 | Received a gift from Okawaru
 33486 | Spider:4 | Received a gift from Okawaru
 33525 | Spider:4 | Received a gift from Okawaru
 33744 | Spider:4 | Got a gossamer rune of Zot
 34180 | Slime:1  | Entered Level 1 of the Pits of Slime
 34351 | Elf:1    | Entered Level 1 of the Elven Halls
 34369 | Elf:1    | Reached XP level 18. HP: 110/120 MP: 23/23
 34763 | Elf:1    | Found Fedaor's Antique Armour Emporium.
 35172 | Elf:1    | Received a gift from Okawaru
 35512 | Elf:1    | Identified the Incunabulum of Combat Magic and Companions
 36093 | Elf:2    | Found a runed translucent gate.
 36093 | Elf:2    | Found a runed translucent gate.
 36110 | Elf:2    | Found a runed translucent gate.
 36170 | Elf:2    | Noticed a deep elf blademaster
 36181 | Elf:2    | Killed a deep elf blademaster
 36181 | Elf:2    | Received a gift from Okawaru
 36376 | Elf:2    | Noticed Agnes
 36392 | Elf:2    | Killed Agnes
 36420 | Elf:2    | Noticed Azrael
 36425 | Elf:2    | Killed Azrael
 36660 | Elf:2    | Received a gift from Okawaru
 36884 | Elf:2    | Killed from afar by a deep elf sorcerer

Illustrated notes

Levels and vault maps discovered:
D:1:      amcnicky_arrival_abandoned_market, layout_basic
D:2:      minmay_recursive_quarters, layout_basic
D:3:      minmay_chambers_of_twos, layout_basic, marbit_many_paths,
          eat_drink_and_be_merry_uskayaw, lemuel_crystal_altar,
          ebering_ghost_rock_garden, minmay_misc_feat_rows
D:4:      layout_basic, grunt_gozag_statues, minmay_temple_entry_mini_moons
D:5:      layout_rooms, lemuel_round_altar, nicolae_overflow_hidden_temple,
          kennysheep_slug_shrine
D:6:      layout_loops_ring, kennysheep_mini_moat, lemuel_doored_altar,
          kennysheep_okawaru_gauntlet
D:7:      layout_cave_pools, chequers_avenue, uniq_maggie
D:8:      layout_basic, david_lair_generic, serial_shops, shop_statue
D:9:      layout_loops_ring, erik_orc_3, serial_shops, shop, shop_fountains,
          nicolae_shop_window_shopping, nicolae_shop_stone
D:10:     layout_rooms, corner_web_ring, uniq_fannar, uniq_gastronok
D:11:     lemuel_reptile_caves, layout_loops_ring, serial_shops,
          nicolae_shop_stone, kennysheep_little_box, shop, shop, kennysheep_mini
D:12:     layout_long_grid, serial_shops, shop_statue, lemuel_centaur_altar
D:13:     layout_loops_ring, serial_shops,
          nicolae_shop_temple_entry_statues_fountains
D:14:     layout_big_octagon, erik_vaults_1, basic_altar, minivault_11
D:15:     hangedman_depths_entry_civil_slaughter, layout_cave_pools,
          portal_ice_cave_entry_pillars_1, minmay_misc_feat_iff
Temple:   jpeg_temple_clearing
Lair:1:   layout_regular_city, nicolae_volcano_entry_batcave,
          minmay_lair_oklob_bushes
Lair:2:   layout_loops_ring, minmay_swamp_entry_worms, spider_nest_entry_a,
          serial_bayou_shore_b, uniq_prince_ribbit2, uniq_nergalle
Lair:3:   layout_loops_ring, gammafunk_ghost_arena, grunt_megastairs_4
Lair:4:   layout_cave_pods
Lair:5:   gammafunk_lair_enchanted_lake, layout_gridlike, slime_altar_2,
          st_stairs_4
Lair:6:   evilmike_catoblepas_cave, layout_cave_pods, uniq_urug, uniq_snorg
Spider:1: layout_spider_delve, zaba_antful_of_joy
Spider:2: layout_chambers, guppyfry_spider_mini_2, nicolae_spider_cling_ruins
Spider:3: layout_chambers
Spider:4: grunt_spider_rune_circles
Slime:1:  layout_caves
Orc:1:    layout_caves, serial_shops, shop, basic_altar
Orc:2:    st_orc_pillars, layout_caves, serial_shops, nicolae_shop_crystal
Elf:1:    eino_elf_arrival_the_gate, layout_geoelf_diagonals, serial_shops,
          shop, minmay_elf_sorcery, solitary_fountain,
          small_chamber_with_monster
Elf:2:    layout_loops_ring, nicolae_elf_stone_circles, minivault_16,
          uniq_agnes, uniq_azrael

Skill      XL: |  1  2  3  4  5  6  7  8  9 10 11 12 13 14 15 16 17 18 |
---------------+-------------------------------------------------------+-----
Maces & Flails | 3 4 5 6 7 12 14 | 14.8
Fighting       | 4 5 6 11 12 13 16 | 16.0
Slings         | 2 7 10 11 12 14 | 14.0
Armour         | 7 10 12 14 | 14.0
Shields        | 7 10 12 15 | 15.0
Invocations    | 5 6 |  6.7
Evocations     | 6 8 |  8.0

Action                   |  1- 3 |  4- 6 |  7- 9 | 10-12 | 13-15 | 16-18 || total
-------------------------+-------+-------+-------+-------+-------+-------++-------
Melee: Flail             |    96 |   230 |       |       |       |       ||   326
       Morningstar       |       |    28 |    18 |       |       |       ||    46
 Fire: Hunting sling     |       |       |   241 |   522 |   478 |    14 ||  1255
       Fustibalus        |       |       |       |       |   994 |  1504 ||  2498
Invok: Heroism           |       |       |       |       |     3 |     1 ||     4
       Finesse           |       |       |       |       |     2 |       ||     2
 Abil: Evoke Blink       |       |       |       |       |     4 |     7 ||    11
       Fly               |       |       |       |       |     1 |       ||     1
       Evoke Invisibilit |       |       |       |       |       |     1 ||     1
  Use: Scroll            |       |     5 |       |    15 |     2 |    17 ||    39
       Potion            |       |       |       |       |       |     2 ||     2
Armor: Scale mail        |    55 |   113 |    26 |    24 |       |       ||   218
       Chain mail        |       |       |       |    27 |    12 |       ||    39
       Ring mail         |       |       |       |       |   226 |   395 ||   621
Dodge: Dodged            |    32 |    83 |    25 |    44 |   231 |   293 ||   708
Block: Kite shield       |    61 |   136 |    24 |    86 |   362 |   740 ||  1409
       Reflection        |       |       |       |       |       |    26 ||    26
